 Dungeon Crawl Stone Soup version 0.27.1 (webtiles) character file.

Game seed: 17577970014346186660

3206 Renzlar the Blocker (level 9, -1/74 HPs)
             Began as a Gnoll Fighter on Aug 23, 2021.
             Was a Follower of Okawaru.
             Killed from afar by Erica (8 damage)
             ... with a bolt of poison
             ... on level 8 of the Dungeon.
             The game lasted 00:29:31 (8044 turns).

Renzlar the Blocker (Gnoll Fighter)                 Turns: 8044, Time: 00:29:32

Health: -1/74      AC: 16    Str: 19    XL:     9   Next: 97%
Magic:  15/16      EV: 10    Int:  8    God:    Okawaru [*.....]
Gold:   380        SH: 13    Dex: 11    Spells: 17/17 levels left

rFire    . . .     SeeInvis .   a - +5 hand axe (freeze)
rCold    . . .     Faith    .   t - +0 kite shield
rNeg     . . .     Spirit   .   l - +0 chain mail
rPois    .         Reflect  .   u - +0 helmet
rElec    .         Harm     .   z - +0 cloak
rCorr    .         Rampage  .   (no gloves)
Will     .....                  (no boots)
Stlth    +.........             (no amulet)
HPRegen  0.22/turn              (no ring)
MPRegen  0.15/turn              (no ring)

@: lethally poisoned (-1 -> -18), heroic
A: fangs 1, strong nose, distributed training
a: Renounce Religion, Heroism


You were on level 8 of the Dungeon.
You worshipped Okawaru.
Okawaru was aware of your devotion.
You visited 2 branches of the dungeon, and saw 9 of its levels.

You collected 380 gold pieces.

Inventory:

Hand Weapons
 a - a +5 hand axe of freezing (weapon)
 b - a +4 flail
 c - a +0 hunting sling
 k - a +1 vorpal war axe
 p - a +2 whip of electrocution
 q - a +3 dagger
Missiles
 e - 48 bolts
 j - 50 sling bullets
 n - 176 stones
 x - a throwing net
 y - 20 poisoned darts (quivered)
Armour
 l - a +0 chain mail (worn)
 t - a +0 kite shield (worn)
 u - a +0 helmet (worn)
 z - a +0 cloak (worn)
Wands
 w - a wand of paralysis (6)
 C - a wand of polymorph (13)
Scrolls
 f - a scroll of identify
 g - 2 scrolls of magic mapping {unknown}
 h - 3 scrolls of teleportation
 o - a scroll of silence {unknown}
 v - a scroll of blinking
Potions
 d - 2 potions of cancellation
 i - 3 potions of lignification
 m - 2 potions of curing
 s - a potion of might
 A - a potion of haste
 B - a potion of mutation


   Skills:
 + Level 8.2(13.2) Fighting
 + Level 4.7(9.7) Short Blades
 + Level 4.7(9.7) Long Blades
 + Level 6.7(11.7) Axes
 + Level 4.7(9.7) Maces & Flails
 + Level 4.7(9.7) Polearms
 + Level 4.7(9.7) Staves
 + Level 4.7(9.7) Slings
 + Level 4.7(9.7) Bows
 + Level 4.7(9.7) Crossbows
 + Level 4.7(9.7) Throwing
 + Level 8.2(13.2) Armour
 + Level 4.7(9.7) Dodging
 + Level 4.7(9.7) Stealth
 + Level 8.2(13.2) Shields
 + Level 4.7(9.7) Unarmed Combat
 + Level 4.7 Spellcasting
 + Level 3.9 Conjurations
 + Level 3.9 Hexes
 + Level 3.9 Summonings
 + Level 3.9 Necromancy
 + Level 3.9 Translocations
 + Level 3.9 Transmutations
 + Level 3.9 Fire Magic
 + Level 3.9 Ice Magic
 + Level 3.9 Air Magic
 + Level 3.9 Earth Magic
 + Level 3.9 Poison Magic
 + Level 5.2 Invocations
 + Level 4.7 Evocations


You had 17 spell levels left.
You didn't know any spells.
Your spell library contained the following spells:

 Spells                   Type           Power      Damage    Failure   Level
 Freeze                   Ice            32%        1d5       41%         1
 Pain                     Necr           32%        1d5       41%         1
 Frozen Ramparts          Ice            16%        1d3       78%         3
 Ignite Poison            Fire/Tmut/Pois 8%         N/A       78%         3
 Mephitic Cloud           Conj/Pois/Air  8%         N/A       78%         3
 Portal Projectile        Hex/Tloc       16%        N/A       78%         3
 Cause Fear               Hex            4%         N/A       99%         4
 Hailstorm                Conj/Ice       8%         3d4       99%         4
 Ice Form                 Ice/Tmut       8%         N/A       99%         4
 Leda's Liquefaction      Hex/Erth       4%         N/A       99%         4
 Summon Ice Beast         Ice/Summ       8%         N/A       99%         4
 Agony                    Necr           8%         N/A       100%        5
 Blade Hands              Tmut           4%         N/A       100%        5
 Bolt of Magma            Conj/Fire/Erth 4%         4d5       100%        5
 Borgnjor's Vile Clutch   Necr/Erth      4%         N/A       100%        5
 Excruciating Wounds      Necr           4%         N/A       100%        5
 Dispersal                Tloc           4%         N/A       100%        6
 Simulacrum               Ice/Necr       4%         N/A       100%        6
 Statue Form              Tmut/Erth      5%         N/A       100%        6
 Disjunction              Tloc           4%         N/A       100%        8


Dungeon Overview and Level Annotations

Branches:
Dungeon (8/15)             Temple (1/1) D:6
   Lair: D:8-11

Altars:
Fedhas
Nemelex Xobeh
Okawaru
Zin
The Shining One

Shops:
D:4 (

Annotations:
D:8 Erica


Innate Abilities, Weirdness & Mutations

You have very sharp teeth.
Your uncanny sense of smell can sniff out nearby items.
Your experience applies equally to all skills.


Message History

You throw a poisoned dart. The poisoned dart hits Erica!
Erica looks as sick as possible!
You feel sick.
You feel sick. Erica casts a spell at you. The bolt of poison hits you!
You are more poisoned.
You feel very sick.
Erica says, "I'm so much better than you."
Erica hits you but does no damage.
You hit Erica. You freeze Erica. You bite Erica.
Erica is moderately wounded.
You feel very sick.
You slash Erica! You freeze Erica. Your bite misses Erica.
Erica is heavily wounded.
You feel very sick.
Erica drinks a potion.
Erica seems to grow stronger.
You slash Erica! You freeze Erica.
Erica is severely wounded.
You feel sick.
Erica hits you with a +0 scimitar of flaming!!
* * * LOW HITPOINT WARNING * * *
Erica burns you.
* * * LOW HITPOINT WARNING * * *
You feel much better.
You feel very sick.
Erica points at you and mumbles some strange words.
You resist with significant effort.
You feel better.
Erica hits you with a +0 scimitar of flaming!
* * * LOW HITPOINT WARNING * * *
Erica burns you.
* * * LOW HITPOINT WARNING * * *
Unknown command.
You slash Erica! You freeze Erica.
Erica is almost dead.
Erica gestures at you while chanting. The bolt of poison hits you!
You are lethally poisoned!
You die...

######### #.......# #.#####.# #.#
#.# #.# #.# ######.#####.######.#
#......|.....@@((...#
#####............(... #######
#.#........####.. #......
#####.#.##.....# #.. #......
...............# #..###......
########..........# ...........
...[..............# #.#..#.##.#
.....#.#..........#####.#..#.##..
######.#.................[......#


You could see Erica (strong, very poisoned).

Vanquished Creatures
  The ghost of bnorton916 the Vexing, a novice DECj of Vehumet (D:3)
  A steam dragon (D:7)
  A sky beast (D:5)
  A black bear (D:8)
  3 orc warriors
  3 necrophages
  4 ogres
  A phantom (D:4)
  6 centaurs
  3 bullfrogs
  A scorpion (D:6)
  A wyvern skeleton (D:7)
  A bullfrog zombie (D:6)
  2 orc priests
  A gnoll shaman (D:6)
  2 hounds
  3 jellies
  2 iguanas
  7 orc wizards
  Terence (D:3)
  A killer bee zombie (D:6)
  A howler monkey zombie (D:8)
  Robin (D:3)
  11 gnolls
  A howler monkey skeleton (D:7)
  4 adders
  A shadow imp (D:5)
  2 white imps
  An ufetubus (D:5)
  2 dart slugs
  21 orcs
  5 ball pythons
  6 endoplasms
  3 giant cockroaches
  11 goblins
  10 hobgoblins
  2 quokkas
  3 bats
  4 frilled lizards
  7 kobolds
  6 rats
148 creatures vanquished.

Vanquished Creatures (others)
  A centaur zombie (D:7)
  An orc (D:7)
  2 plants (D:1)
4 creatures vanquished.

Grand Total: 152 creatures vanquished

Notes
Turn   | Place    | Note
-------+----------+-------------------------------------------
     0 | D:1      | Renzlar the Gnoll Fighter began the quest for the Orb.
     0 | D:1      | Reached XP level 1. HP: 23/23 MP: 1/1
   357 | D:1      | Reached XP level 2. HP: 29/29 MP: 2/2
   618 | D:1      | Reached XP level 3. HP: 32/35 MP: 3/3
   656 | D:1      | Found a faded altar of an unknown god.
  1645 | D:2      | Reached skill level 1 in Invocations
  1768 | D:2      | Reached skill level 1 in Short Blades
  1768 | D:2      | Reached skill level 1 in Long Blades
  1768 | D:2      | Reached skill level 1 in Maces & Flails
  1768 | D:2      | Reached skill level 1 in Polearms
  1768 | D:2      | Reached skill level 1 in Staves
  1768 | D:2      | Reached skill level 1 in Slings
  1768 | D:2      | Reached skill level 1 in Bows
  1768 | D:2      | Reached skill level 1 in Crossbows
  1768 | D:2      | Reached skill level 1 in Throwing
  1768 | D:2      | Reached skill level 1 in Dodging
  1768 | D:2      | Reached skill level 1 in Stealth
  1768 | D:2      | Reached skill level 1 in Unarmed Combat
  1768 | D:2      | Reached skill level 1 in Spellcasting
  1768 | D:2      | Reached skill level 1 in Evocations
  1981 | D:3      | Found a runed translucent door.
  1984 | D:3      | Noticed bnorton916's ghost (novice DECj)
  1984 | D:3      | Noticed a bullfrog
  1995 | D:3      | Reached XP level 4. HP: 20/41 MP: 5/5
  2013 | D:3      | Noticed a necrophage
  2027 | D:3      | Killed a necrophage
  2028 | D:3      | Reached skill level 1 in Conjurations
  2028 | D:3      | Reached skill level 1 in Hexes
  2028 | D:3      | Reached skill level 1 in Summonings
  2028 | D:3      | Reached skill level 1 in Necromancy
  2028 | D:3      | Reached skill level 1 in Translocations
  2028 | D:3      | Reached skill level 1 in Transmutations
  2028 | D:3      | Reached skill level 1 in Fire Magic
  2028 | D:3      | Reached skill level 1 in Ice Magic
  2028 | D:3      | Reached skill level 1 in Air Magic
  2028 | D:3      | Reached skill level 1 in Earth Magic
  2028 | D:3      | Reached skill level 1 in Poison Magic
  2028 | D:3      | Reached XP level 5. HP: 17/47 MP: 5/7
  2289 | D:3      | Reached XP level 6. HP: 32/53 MP: 8/8
  2294 | D:3      | Killed bnorton916's ghost
  2295 | D:3      | Reached skill level 5 in Axes
  2295 | D:3      | Reached XP level 7. HP: 21/60 MP: 8/10
  2763 | D:3      | Noticed Terence
  2778 | D:3      | Killed Terence
  3087 | D:3      | Noticed Robin
  3107 | D:3      | Killed Robin
  3666 | D:4      | Reached XP level 8. HP: 67/67 MP: 12/12
  3824 | D:4      | Found Vomeogg's Weapon Shoppe.
  3976 | D:5      | Entered Level 5 of the Dungeon
  5343 | D:6      | Reached XP level 9. HP: 66/72 MP: 14/14
  5407 | D:6      | Found a staircase to the Ecumenical Temple.
  5416 | Temple   | Entered the Ecumenical Temple
  5425 | Temple   | Became a worshipper of Warmaster Okawaru
  6418 | D:7      | Got Ram Gush's Papyrus of the Evil Oath
  6888 | D:7      | Reached * piety under Okawaru
  7172 | D:8      | Reached skill level 5 in Invocations
  8031 | D:8      | Noticed Erica
  8041 | D:8      | HP: 1/74 [Erica (4)]
  8044 | D:8      | Killed from afar by Erica

Illustrated notes

Levels and vault maps discovered:
D:1:      matt_arrival_los_fun, layout_rooms, ebering_ecumenical_altar_webs,
          serial_forest, infiniplex_forest_straight_4, infiniplex_forest_3_way,
          infiniplex_forest_clump_small, infiniplex_forest_pool,
          infiniplex_forest_lined_room_, infiniplex_forest_clump_long,
          infiniplex_forest_clump_small, infiniplex_forest_clump_diagonal,
          infiniplex_forest_lined_4_way
D:2:      layout_loops_corners
D:3:      layout_basic, ebering_ghost_inner_flame, st_stairs_14, uniq_robin,
          uniq_terence
D:4:      layout_rooms, serial_shops, nicolae_shop_waterfront
D:5:      layout_rooms, kennysheep_cross_bottleneck
D:6:      layout_basic, minmay_temple_entry_junction, grunt_ministairs_8
D:7:      layout_rooms
D:8:      layout_basic, uniq_erica
Temple:   regret_index_temple_sigil_plot

Skill      XL: |  1  2  3  4  5  6  7  8  9 |
---------------+----------------------------+-----
Invocations    | 1 2 3 4 5 |  5.2
Short Blades   | 1 2 3 4 |  4.7
Long Blades    | 1 2 3 4 |  4.7
Maces & Flails | 1 2 3 4 |  4.7
Polearms       | 1 2 3 4 |  4.7
Staves         | 1 2 3 4 |  4.7
Slings         | 1 2 3 4 |  4.7
Bows           | 1 2 3 4 |  4.7
Crossbows      | 1 2 3 4 |  4.7
Throwing       | 1 2 3 4 |  4.7
Dodging        | 1 2 3 4 |  4.7
Stealth        | 1 2 3 4 |  4.7
Unarmed Combat | 1 2 3 4 |  4.7
Spellcasting   | 1 2 3 4 |  4.7
Evocations     | 1 2 3 4 |  4.7
Conjurations   | 1 2 3 |  3.9
Hexes          | 1 2 3 |  3.9
Summonings     | 1 2 3 |  3.9
Necromancy     | 1 2 3 |  3.9
Translocations | 1 2 3 |  3.9
Transmutations | 1 2 3 |  3.9
Fire Magic     | 1 2 3 |  3.9
Ice Magic      | 1 2 3 |  3.9
Air Magic      | 1 2 3 |  3.9
Earth Magic    | 1 2 3 |  3.9
Poison Magic   | 1 2 3 |  3.9
Fighting       | 7 8 |  8.2
Axes           | 5 6 |  6.7
Armour         | 7 8 |  8.2
Shields        | 7 8 |  8.2

Action                   |  1- 3 |  4- 6 |  7- 9 || total
-------------------------+-------+-------+-------++-------
Melee: War axe           |   108 |     8 |       ||   116
       Bite              |    10 |     2 |    29 ||    41
       Whip              |       |    31 |    45 ||    76
       Hand axe          |       |       |   253 ||   253
 Fire: Hunting sling     |       |       |   168 ||   168
Throw: Stone             |     1 |       |       ||     1
       Dart              |       |       |     5 ||     5
Invok: Heroism           |       |       |     1 ||     1
  Use: Potion            |       |     1 |     2 ||     3
       Scroll            |       |       |    20 ||    20
Armor: Scale mail        |    45 |     4 |    32 ||    81
       Chain mail        |       |       |    83 ||    83
Dodge: Dodged            |    20 |    12 |    87 ||   119
Block: Kite shield       |    62 |    16 |   190 ||   268
